[Event "9th RTU Rapid 2019"]
[Site "Riga"]
[Date "2019.08.04"]
[Round "7.33"]
[White "Korolev, Alexandr"]
[Black "Laimins, Lauris"]
[Result "0-1"]
[WhiteElo "2102"]
[BlackElo "2123"]
[PlyCount "106"]
[EventDate "2019.08.05"]
[EventType "swiss"]
[EventCountry "LAT"]
[TimeControl "5400+30"]
[WhiteClock "0:06:21"]
[BlackClock "0:00:10"]

1. Nf3 d5 2. c4 d4 3. b4 a5 4. b5 c5 5. e3 f6 6. exd4 cxd4 7. Bd3 Nd7 8. Ba3 e5 9. Bxf8 Kxf8 10. O-O Nc5 11. Qe2 Ne7 12. Na3 Qd6 13. Nb1 Bg4 14. h3 Bh5 15. g4 Bf7 16. Rc1 h5 17. g5 Be6 18. Kg2 Re8 19. a4 Qd7 20. Ng1 Nf5 21. Na3 Nh4+ 22. Kh2 Qd6 23. Kh1 f5 24. f3 Ng6 25. Bb1 Nf4 26. Qf2 b6 27. Qh2 d3 28. Re1 h4 29. Ba2 Bc8 30. Nb1 Bb7 31. Nc3 Qd4 32. Nd5 Nxd5 33. cxd5 Rh5 34. Qg2 Bxd5 35. Bxd5 Qxd5 36. f4 Qxg2+ 37. Kxg2 e4 38. Re3 Kf7 39. Rae1 Rhh8 40. Ra1 g6 41. Ree1 Re6 42. Kf2 Rd8 43. Ke3 Rc8 44. Rec1 Re7 45. Rc4 Ke6 46. Rac1 Rec7 47. R1c3 Ke7 48. Rd4 Ne6 49. Rxc7+ Rxc7 50. Rd5 Rc4 51. Re5 Kd6 52. Nf3 exf3 53. Kxd3 Nxf4+ 0-1

[Event "9th RTU Rapid 2019"]
[Site "Riga"]
[Date "2019.08.04"]
[Round "8.1"]
[White "Svane, Rasmus"]
[Black "Pultinevicius, Paulius"]
[Result "1-0"]
[ECO "E01"]
[WhiteElo "2612"]
[BlackElo "2501"]
[Annotator "ChessBase"]
[PlyCount "109"]
[EventDate "2019.08.05"]
[EventType "swiss"]
[EventCountry "LAT"]
[SourceTitle "playchess.com"]
[Source "ChessBase"]
[SourceQuality "1"]
[TimeControl "5400+30"]

1. Nf3 d5 2. d4 Nf6 3. c4 c6 4. Nbd2 e6 5. g3 Nbd7 6. Bg2 Bd6 7. O-O O-O 8. Qc2 h6 9. Rd1 b6 10. e4 dxe4 11. Nxe4 Nxe4 12. Qxe4 Bb7 13. c5 Be7 14. Qc2 Nf6 15. Ne5 Nd5 16. cxb6 Nb4 17. Qc4 axb6 18. Bd2 b5 19. Qb3 Nd5 20. a4 b4 21. Rdc1 Qd6 22. a5 Rfc8 23. Nd3 Ba6 24. Bxd5 Qxd5 25. Qxd5 cxd5 26. Rxc8+ Rxc8 27. Bxb4 Bxd3 28. Bxe7 Ba6 29. b4 Rc6 30. Bc5 Bb5 31. f3 h5 32. Kf2 f6 33. Re1 Kf7 34. h4 Rc8 35. g4 hxg4 36. fxg4 Re8 37. Bd6 Rc8 38. Bc5 Re8 39. Kg3 e5 40. h5 exd4 41. Rxe8 Kxe8 42. Bxd4 Kd7 43. Kf4 Be2 44. Bc5 Kc6 45. Bf8 d4 46. Bxg7 d3 47. Ke3 Bxg4 48. h6 Bf5 49. Bxf6 Kb5 50. Bc3 Bh7 51. Kd4 Bg6 52. Bd2 Bh7 53. Be1 Bg6 54. Ke5 Bh7 55. Kf6 1-0

[Event "9th RTU Rapid 2019"]
[Site "Riga"]
[Date "2019.08.04"]
[Round "8.2"]
[White "Krivonosov, Oleg"]
[Black "Gagare, Shardul"]
[Result "0-1"]
[ECO "E08"]
[WhiteElo "2445"]
[BlackElo "2430"]
[Annotator "NA"]
[PlyCount "132"]
[EventDate "2019.08.05"]
[EventType "swiss"]
[EventCountry "LAT"]
[SourceTitle "playchess.com"]
[Source "ChessBase"]
[SourceQuality "1"]
[TimeControl "5400+30"]

1. Nf3 d5 2. d4 Nf6 3. c4 e6 4. g3 Bb4+ 5. Bd2 Be7 6. Bg2 O-O 7. O-O c6 8. Qc2 Nbd7 9. Bf4 b6 10. Rd1 Bb7 11. Ne5 Rc8 12. Nc3 dxc4 13. Nxc4 Nd5 14. Bd6 Ba6 15. Bxe7 Qxe7 16. Qa4 Nxc3 17. bxc3 Bxc4 18. Qxc4 c5 19. Qa4 Nf6 20. e3 Rc7 21. Qb5 Rfc8 22. a4 cxd4 23. cxd4 Rc2 24. Bf3 Ne8 25. Rab1 Nd6 26. Qb4 Qf6 27. Qxd6 Qxf3 28. Rf1 h5 29. Qf4 Qxf4 30. gxf4 Ra2 31. Rb4 Rc3 32. d5 exd5 33. Rd4 Rc5 34. Rb1 g6 35. f5 gxf5 36. Rb5 Rxa4 37. Rxc5 Ra1+ 38. Kg2 bxc5 39. Rxd5 c4 40. Rc5 Rc1 41. Ra5 Kg7 42. Rxa7 Kf6 43. Rc7 c3 44. Kf3 Rc2 45. h4 Ke6 46. Rc4 Kd5 47. Rc7 f4 48. Rxf7 Kc4 49. Rc7+ Kb3 50. Rb7+ Ka3 51. Rc7 Kb2 52. Rb7+ Kc1 53. Rc7 Kd2 54. Kxf4 Ra2 55. Kg5 c2 56. e4 Ra3 57. Rxc2+ Kxc2 58. e5 Kd3 59. e6 Ke4 60. e7 Ra8 61. Kg6 Kf4 62. f3 Rb8 63. Kf6 Kxf3 64. Kg5 Ke4 65. Kxh5 Kf5 66. Kh6 Ke5 0-1

[Event "9th RTU Rapid 2019"]
[Site "Riga"]
[Date "2019.08.04"]
[Round "8.3"]
[White "Gukesh D"]
[Black "Saduakassova, Dinara"]
[Result "1/2-1/2"]
[ECO "B36"]
[WhiteElo "1683"]
[BlackElo "2437"]
[Annotator "NA"]
[PlyCount "108"]
[EventDate "2019.08.05"]
[EventType "swiss"]
[EventCountry "LAT"]
[SourceTitle "playchess.com"]
[Source "ChessBase"]
[SourceQuality "1"]
[TimeControl "5400+30"]

1. c4 c5 2. Nf3 g6 3. d4 cxd4 4. Nxd4 Nc6 5. e4 Nf6 6. Nc3 d6 7. Be2 Nxd4 8. Qxd4 Bg7 9. Be3 O-O 10. Qd2 a5 11. O-O a4 12. Rfd1 Qa5 13. Rac1 Be6 14. Qd3 Rfc8 15. Nd5 Nxd5 16. exd5 Bf5 17. Qa3 Bd7 18. Bg5 Qc5 19. Qxc5 dxc5 20. Rc2 Kf8 21. Bd3 Ra6 22. Re2 Bf6 23. Bh6+ Kg8 24. Bc1 Rb6 25. h3 h5 26. Rde1 Kg7 27. Kh2 e6 28. Be4 Rb4 29. a3 Rb6 30. g3 exd5 31. Bxd5 Bc6 32. Rd1 Rd8 33. Be3 Rxb2 34. Rxb2 Bxb2 35. Bxc5 Be5 36. f4 Bf6 37. Bb4 Rc8 38. Kg2 Re8 39. Kf3 Rc8 40. g4 hxg4+ 41. hxg4 g5 42. f5 Rh8 43. Bxc6 bxc6 44. Rd6 Rh3+ 45. Kg2 Rh4 46. Kf3 Rh3+ 47. Kg2 Rh4 48. Kf3 Rh3+ 49. Ke4 Rg3 50. Rxc6 Rxg4+ 51. Ke3 Rg3+ 52. Ke4 Rg4+ 53. Ke3 Rg3+ 54. Ke4 Rg4+ 1/2-1/2

[Event "9th RTU Rapid 2019"]
[Site "Riga"]
[Date "2019.08.04"]
[Round "8.4"]
[White "Omelja, Artem"]
[Black "Galchenko, Matvey"]
[Result "0-1"]
[ECO "A70"]
[WhiteElo "2436"]
[BlackElo "2360"]
[Annotator "NA"]
[PlyCount "108"]
[EventDate "2019.08.05"]
[EventType "swiss"]
[EventCountry "LAT"]
[SourceTitle "playchess.com"]
[Source "ChessBase"]
[SourceQuality "1"]
[TimeControl "5400+30"]

1. d4 Nf6 2. c4 c5 3. d5 e6 4. Nc3 exd5 5. cxd5 d6 6. e4 g6 7. h3 Bg7 8. Bd3 O-O 9. Nf3 b5 10. O-O b4 11. Ne2 Nbd7 12. Ng3 Re8 13. Re1 a5 14. Nf1 a4 15. a3 b3 16. Bd2 Ba6 17. Bc3 c4 18. Bb1 Nc5 19. N1d2 Nfd7 20. Qc1 Bxc3 21. Qxc3 Qf6 22. Nd4 Rac8 23. Re3 Nd3 24. Bxd3 cxd3 25. Qb4 Rb8 26. Qc3 Kg7 27. Rc1 Ne5 28. Ree1 Nd7 29. Nc6 Rbc8 30. f3 Ne5 31. Qd4 Bb5 32. Nb4 Nxf3+ 33. Nxf3 Qxd4+ 34. Nxd4 d2 35. Rcd1 dxe1=Q+ 36. Rxe1 Bd7 37. Kf2 Rc4 38. Ke3 f5 39. Kd3 Rc5 40. Ndc6 fxe4+ 41. Kd4 h5 42. Ke3 Rf8 43. Nd4 Re8 44. Ne2 Rcc8 45. Nc3 Re5 46. Kd4 Rce8 47. Re2 e3 48. Nd3 R5e7 49. Nb4 Rc8 50. Ne4 Rc1 51. Nxd6 Rd1+ 52. Kc3 g5 53. Nc4 Rc1+ 54. Kd4 Bb5 0-1

[Event "9th RTU Rapid 2019"]
[Site "Riga"]
[Date "2019.08.04"]
[Round "8.5"]
[White "Korchmar, Vasiliy"]
[Black "Wagner, Dennis"]
[Result "1-0"]
[ECO "D93"]
[WhiteElo "2413"]
[BlackElo "2473"]
[Annotator "ChessBase"]
[PlyCount "68"]
[EventDate "2019.08.05"]
[EventType "swiss"]
[EventCountry "LAT"]
[SourceTitle "playchess.com"]
[Source "ChessBase"]
[SourceQuality "1"]
[TimeControl "5400+30"]

1. d4 Nf6 2. c4 g6 3. Nc3 d5 4. Nf3 Bg7 5. Bf4 O-O 6. e3 c5 7. dxc5 Ne4 8. Rc1 Nd7 9. cxd5 Qa5 10. Be2 Nxc3 11. bxc3 Bxc3+ 12. Kf1 Nxc5 13. h4 Bd7 14. Kg1 Rac8 15. h5 Ba4 16. Qf1 Ne4 17. hxg6 fxg6 18. Bd3 Qxd5 19. Bxe4 Qxe4 20. Rxh7 Bb2 21. Rxc8 Rxc8 22. Kh2 Rc1 23. Qe2 Bf6 24. Rh6 Rc2 25. Qd1 Rc8 26. Qd2 Bc6 27. Qa5 Qc2 28. Ne5 Qxf2 29. Rxg6+ Kh7 30. Rh6+ Kg7 31. Nxc6 Rxc6 32. Qf5 Qxf4+ 33. Qxf4 Re6 34. Rh5 Kg6 1-0

[Event "9th RTU Rapid 2019"]
[Site "Riga"]
[Date "2019.08.04"]
[Round "8.6"]
[White "Suleymenov, Alisher"]
[Black "Kopylov, Michael"]
[Result "1-0"]
[ECO "D30"]
[WhiteElo "2348"]
[BlackElo "2414"]
[Annotator "NA"]
[PlyCount "53"]
[EventDate "2019.08.05"]
[EventType "swiss"]
[EventCountry "LAT"]
[SourceTitle "playchess.com"]
[Source "ChessBase"]
[SourceQuality "1"]
[TimeControl "5400+30"]

1. d4 d5 2. c4 e6 3. Nf3 c6 4. g3 dxc4 5. Bg2 b5 6. O-O Bb7 7. Ne5 Nd7 8. Nc3 Nxe5 9. dxe5 Qc7 10. Ne4 Rd8 11. Qc2 Qxe5 12. Bf4 Qf5 13. a4 a6 14. Rfd1 Rxd1+ 15. Rxd1 Nf6 16. axb5 axb5 17. b3 Nd5 18. bxc4 Nxf4 19. cxb5 Qxb5 20. gxf4 Bb4 21. Rb1 O-O 22. Nd6 Qb6 23. Qa4 c5 24. Nxb7 Qc7 25. e3 h6 26. Rc1 Rb8 27. Qxb4 1-0

[Event "9th RTU Rapid 2019"]
[Site "Riga"]
[Date "2019.08.04"]
[Round "8.7"]
[White "Kantans, Toms"]
[Black "Maltsevskaya, Aleksandra"]
[Result "1-0"]
[ECO "B45"]
[WhiteElo "2471"]
[BlackElo "2321"]
[Annotator "ChessBase"]
[PlyCount "113"]
[EventDate "2019.08.05"]
[EventType "swiss"]
[EventCountry "LAT"]
[SourceTitle "playchess.com"]
[Source "ChessBase"]
[SourceQuality "1"]
[TimeControl "5400+30"]

1. e4 c5 2. Nf3 e6 3. d4 cxd4 4. Nxd4 Nc6 5. Nc3 Nf6 6. Ndb5 Bb4 7. a3 Bxc3+ 8. Nxc3 d5 9. exd5 exd5 10. Bd3 O-O 11. O-O d4 12. Ne2 Bg4 13. Bg5 Qd6 14. Qd2 Bxe2 15. Qxe2 Rfe8 16. Qd2 Ne5 17. Rad1 Nxd3 18. Qxd3 Ne4 19. Bc1 Rad8 20. Rfe1 Nc5 21. Rxe8+ Rxe8 22. Qb5 Qc6 23. Qxc6 bxc6 24. Kf1 Ne6 25. Ke2 f5 26. Kd3 Kf7 27. Kc4 Rd8 28. b4 a5 29. bxa5 Rd5 30. Bd2 Rc5+ 31. Kd3 Rb5 32. Ra1 Rb2 33. Bc1 Rb5 34. a4 Rxa5 35. Bd2 Nc5+ 36. Kxd4 Rxa4+ 37. Rxa4 Nxa4 38. Ke5 g6 39. Kd6 c5 40. Kc6 c4 41. Kb5 c3 42. Be1 Nb2 43. Bxc3 Nd1 44. Bd4 Ke6 45. Kc6 g5 46. c4 h5 47. c5 f4 48. Kb7 Kd5 49. c6 Kxd4 50. c7 Nxf2 51. c8=Q Ne4 52. Qh8+ Ke3 53. Qxh5 Kd4 54. Kc6 Ke3 55. Qd1 Nc3 56. Qf3+ Kd4 57. h4 {[%emt 0:00:00] Kd5+} 1-0

[Event "9th RTU Rapid 2019"]
[Site "Riga"]
[Date "2019.08.04"]
[Round "8.8"]
[White "Low, Zhen Yu Cyrus"]
[Black "Vishnu Prasanna. V"]
[Result "1-0"]
[ECO "C54"]
[WhiteElo "2169"]
[BlackElo "2465"]
[Annotator "ChessBase"]
[PlyCount "61"]
[EventDate "2019.08.05"]
[EventType "swiss"]
[EventCountry "LAT"]
[SourceTitle "playchess.com"]
[Source "ChessBase"]
[SourceQuality "1"]
[TimeControl "5400+30"]

1. e4 e5 2. Nf3 Nc6 3. Bc4 Bc5 4. O-O Nf6 5. d3 a6 6. c3 d6 7. Bb3 h6 8. Nbd2 O-O 9. h3 Re8 10. Bc2 d5 11. exd5 Nxd5 12. Re1 Ba7 13. Nf1 Bf5 14. Ng3 Bg6 15. Bd2 Qd7 16. Nh4 Bh7 17. Qf3 Re6 18. Nh5 Nf6 19. Rad1 Rae8 20. Ng3 Nd5 21. Nh5 Nf4 22. Bxf4 exf4 23. Rxe6 Rxe6 24. Qg4 f5 25. Qxf4 Re2 26. Bb3+ Kh8 27. d4 Ne7 28. Qf3 Re4 29. Qg3 g5 30. Bc2 Rxh4 31. Qe5+ 1-0

[Event "9th RTU Rapid 2019"]
[Site "Riga"]
[Date "2019.08.04"]
[Round "8.9"]
[White "Kiik, Kalle"]
[Black "Solys, Laimutis"]
[Result "1/2-1/2"]
[ECO "E17"]
[WhiteElo "2308"]
[BlackElo "2143"]
[Annotator "NA"]
[PlyCount "84"]
[EventDate "2019.08.05"]
[EventType "swiss"]
[EventCountry "LAT"]
[SourceTitle "playchess.com"]
[Source "ChessBase"]
[SourceQuality "1"]
[TimeControl "5400+30"]

1. Nf3 Nf6 2. g3 b6 3. Bg2 Bb7 4. O-O e6 5. c4 Be7 6. b3 d5 7. Bb2 O-O 8. cxd5 exd5 9. d4 Na6 10. Nbd2 c5 11. Rc1 Bd6 12. Nh4 g6 13. Nc4 Be7 14. Ne5 Ne4 15. Nhf3 Bf6 16. Nd2 Re8 17. a3 Bg7 18. e3 Rc8 19. Nxe4 dxe4 20. Qe2 f6 21. Nc4 Qe7 22. Rfd1 Red8 23. h4 cxd4 24. Bxd4 Nc5 25. Bxc5 Rxc5 26. Rxd8+ Qxd8 27. Rd1 Rd5 28. Rxd5 Qxd5 29. Qc2 f5 30. Bf1 Qc5 31. b4 Qc7 32. Qd2 Bf8 33. Qd4 Be7 34. Be2 Qd8 35. Qe5 Bd5 36. Kf1 Bf6 37. Qd6 Bxc4 38. Bxc4+ Kg7 39. Qe6 Qe7 40. Qg8+ Kh6 41. Kg2 Bb2 42. b5 Bxa3 1/2-1/2

[Event "9th RTU Rapid 2019"]
[Site "Riga"]
[Date "2019.08.04"]
[Round "8.10"]
[White "Ioannidis, Evgenios"]
[Black "Lavendelis, Egons"]
[Result "1/2-1/2"]
[ECO "A16"]
[WhiteElo "2134"]
[BlackElo "2292"]
[Annotator "NA"]
[PlyCount "89"]
[EventDate "2019.08.05"]
[EventType "swiss"]
[EventCountry "LAT"]
[SourceTitle "playchess.com"]
[Source "ChessBase"]
[SourceQuality "1"]
[TimeControl "5400+30"]

1. Nf3 Nf6 2. c4 g6 3. Nc3 d5 4. e3 Bg7 5. b3 Ne4 6. Bb2 Nxc3 7. Bxc3 Bxc3 8. dxc3 c6 9. Qd4 O-O 10. Rd1 e6 11. h4 Nd7 12. cxd5 cxd5 13. h5 Qf6 14. hxg6 hxg6 15. c4 dxc4 16. Bxc4 b6 17. Bb5 Qxd4 18. Rxd4 Nf6 19. Bc6 Rb8 20. e4 Ba6 21. b4 Rbd8 22. e5 Rxd4 23. Nxd4 Ng4 24. b5 Bc8 25. Nf3 Rd8 26. Rh4 f5 27. exf6 Nxf6 28. Ne5 Nd5 29. Nxg6 Kg7 30. Bxd5 Rxd5 31. Ne7 Re5+ 32. Kf1 Bd7 33. a4 a6 34. Rd4 Be8 35. Nc6 Rc5 36. Rd6 axb5 37. axb5 Kf6 38. Nd4 Bxb5+ 39. Ke1 Re5+ 40. Kd2 Bf1 41. g4 b5 42. f4 Re4 43. f5 Ke5 44. Nxb5 Bxb5 45. Rxe6+ 1/2-1/2

[Event "9th RTU Rapid 2019"]
[Site "Riga"]
[Date "2019.08.04"]
[Round "8.11"]
[White "Grinev, Valeriy"]
[Black "Shailesh, Dravid"]
[Result "1-0"]
[ECO "E97"]
[WhiteElo "2287"]
[BlackElo "2134"]
[Annotator "NA"]
[PlyCount "123"]
[EventDate "2019.08.05"]
[EventType "swiss"]
[EventCountry "LAT"]
[SourceTitle "playchess.com"]
[Source "ChessBase"]
[SourceQuality "1"]
[TimeControl "5400+30"]

1. d4 Nf6 2. c4 g6 3. Nc3 Bg7 4. e4 d6 5. Be2 O-O 6. Nf3 e5 7. O-O Nc6 8. d5 Ne7 9. b4 Nh5 10. g3 a5 11. bxa5 Rxa5 12. Nd2 Nf6 13. Nb3 Ra8 14. c5 Ne8 15. a4 f5 16. Ba3 h5 17. a5 f4 18. Nd2 dxc5 19. Bxc5 Nd6 20. Nb5 Bh6 21. Nxd6 cxd6 22. Bb4 Bh3 23. Nc4 Bxf1 24. Bxf1 fxg3 25. hxg3 Rf6 26. Bh3 Qc7 27. Qd3 b5 28. Nb6 Raf8 29. Rf1 Rf3 30. Qe2 Rb3 31. Be1 b4 32. Kg2 Kh7 33. Nd7 Rd8 34. Qb5 Qc2 35. Kh2 h4 36. Bg2 Rb2 37. Nf6+ Kg7 38. Ng4 hxg3+ 39. Kg1 b3 40. Qb6 Rd7 41. Nxh6 Kxh6 42. Bh3 g2 43. Qe3+ Kg7 44. Kxg2 Rc7 45. Bb4 Rb1 46. Rxb1 Qxb1 47. Bxd6 Rc1 48. Bxe5+ Kh7 49. Qf3 Nf5 50. Bxf5 Rg1+ 51. Kh2 gxf5 52. Qh5+ Kg8 53. Qe8+ Kh7 54. Qf7+ Kh6 55. Bf4+ Rg5 56. Qf6+ Kh7 57. Qxg5 Qxe4 58. Qh4+ Kg8 59. Qg3+ Kf7 60. Be5 f4 61. Qg7+ Ke8 62. d6 1-0

[Event "9th RTU Rapid 2019"]
[Site "Riga"]
[Date "2019.08.04"]
[Round "8.12"]
[White "Reizniece-Ozola, Dana"]
[Black "Rudovskii, Filipp"]
[Result "1-0"]
[ECO "A16"]
[WhiteElo "2261"]
[BlackElo "2127"]
[Annotator "NA"]
[PlyCount "61"]
[EventDate "2019.08.05"]
[EventType "swiss"]
[EventCountry "LAT"]
[SourceTitle "playchess.com"]
[Source "ChessBase"]
[SourceQuality "1"]
[TimeControl "5400+30"]

1. c4 Nf6 2. Nc3 d5 3. cxd5 Nxd5 4. g3 g6 5. Bg2 Nb6 6. Nf3 Bg7 7. h4 h5 8. O-O O-O 9. d4 Nc6 10. d5 Na5 11. Ng5 Nac4 12. Qc2 Bf5 13. e4 Bg4 14. b3 Ne5 15. f4 Ned7 16. Bb2 c6 17. dxc6 bxc6 18. e5 Nc5 19. Nce4 Nd3 20. Bc3 Nc8 21. Kh2 f6 22. Rad1 Bxd1 23. Rxd1 fxg5 24. Rxd3 Qe8 25. Nxg5 e6 26. Bb4 Ne7 27. Bxe7 Qxe7 28. Rd6 Rf5 29. Rxe6 Qf8 30. Rxg6 Rd8 31. Ne6 1-0

[Event "9th RTU Rapid 2019"]
[Site "Riga"]
[Date "2019.08.04"]
[Round "8.13"]
[White "Raghavi, N.."]
[Black "Wedda, Dries"]
[Result "1-0"]
[ECO "A08"]
[WhiteElo "2068"]
[BlackElo "2234"]
[Annotator "NA"]
[PlyCount "77"]
[EventDate "2019.08.05"]
[EventType "swiss"]
[EventCountry "LAT"]
[SourceTitle "playchess.com"]
[Source "ChessBase"]
[SourceQuality "1"]
[TimeControl "5400+30"]

1. g3 c5 2. Bg2 g6 3. Nf3 Bg7 4. O-O Nc6 5. c3 e5 6. e4 Nge7 7. d3 O-O 8. Nbd2 d5 9. exd5 Nxd5 10. Re1 Re8 11. Nc4 h6 12. a4 Bf5 13. Nh4 Be6 14. Qe2 Qd7 15. Nf3 Bh3 16. Bh1 Rad8 17. Nfd2 f5 18. Nb3 Bf8 19. Bd2 Nb6 20. a5 Nxc4 21. dxc4 Bg4 22. f3 Bh5 23. Be3 Nd4 24. Qd1 Nxb3 25. Qxb3 e4 26. Rad1 Qc7 27. Rxd8 Qxd8 28. fxe4 Qd3 29. Qxb7 fxe4 30. Qd5+ Qxd5 31. cxd5 c4 32. Bxa7 Rd8 33. Bxe4 g5 34. Bb6 Rb8 35. Bf5 Bf7 36. Be6 Bxe6 37. Rxe6 Kf7 38. Kf1 Ra8 39. Rc6 1-0

[Event "9th RTU Rapid 2019"]
[Site "Riga"]
[Date "2019.08.04"]
[Round "8.14"]
[White "Hasani, Takin"]
[Black "Vedrickas, Tautvydas"]
[Result "0-1"]
[ECO "A45"]
[WhiteElo "1849"]
[BlackElo "2231"]
[Annotator "NA"]
[PlyCount "58"]
[EventDate "2019.08.05"]
[EventType "swiss"]
[EventCountry "LAT"]
[SourceTitle "playchess.com"]
[Source "ChessBase"]
[SourceQuality "1"]
[TimeControl "5400+30"]

1. d4 Nf6 2. Bf4 g6 3. Nc3 c5 4. d5 d6 5. e4 Bg7 6. Qd2 h6 7. Bb5+ Nbd7 8. a4 a6 9. Be2 b6 10. Nf3 g5 11. Be3 Rb8 12. h3 Kf8 13. Nh2 b5 14. axb5 axb5 15. Bxb5 Nxe4 16. Nxe4 Rxb5 17. f4 Rb4 18. Ng3 Nb6 19. c3 Nc4 20. Qe2 Nxe3 21. cxb4 gxf4 22. Nh5 Be5 23. Ra8 f5 24. Nf3 Kf7 25. bxc5 Rg8 26. g3 Qc7 27. gxf4 Qxc5 28. Rxc8 Rxc8 29. Qxe3 Qxe3+ 0-1

[Event "9th RTU Rapid 2019"]
[Site "Riga"]
[Date "2019.08.04"]
[Round "8.15"]
[White "Chibukhchyan, Erik"]
[Black "Nair, Sanjeev"]
[Result "1-0"]
[ECO "B55"]
[WhiteElo "2231"]
[BlackElo "1841"]
[Annotator "NA"]
[PlyCount "81"]
[EventDate "2019.08.05"]
[EventType "swiss"]
[EventCountry "LAT"]
[SourceTitle "playchess.com"]
[Source "ChessBase"]
[SourceQuality "1"]
[TimeControl "5400+30"]

1. e4 c5 2. Nf3 d6 3. d4 cxd4 4. Nxd4 Nf6 5. f3 e5 6. Nb3 Be6 7. c4 a5 8. Be3 a4 9. N3d2 Be7 10. Na3 O-O 11. Be2 Qa5 12. O-O Bd8 13. Kh1 Bb6 14. c5 Bxc5 15. Ndc4 Bxc4 16. Nxc4 Qc7 17. Bxc5 dxc5 18. Qd6 Qxd6 19. Nxd6 Nc6 20. Nxb7 Rfb8 21. Nxc5 Rxb2 22. Bc4 Rc8 23. Nd3 Rc2 24. Rac1 Rxc1 25. Rxc1 Rd8 26. Kg1 Kf8 27. Kf2 Ke7 28. Ke3 Rb8 29. Bxf7 Kd6 30. Rd1 Ke7 31. Bc4 Nd7 32. Rc1 Kf6 33. Bd5 Ne7 34. Bc6 Nb6 35. Rc5 Ng6 36. Bb5 Rb7 37. g3 h5 38. h4 Nd7 39. Bxd7 Rxd7 40. Rc6+ Kf7 41. Rxg6 1-0

[Event "9th RTU Rapid 2019"]
[Site "Riga"]
[Date "2019.08.04"]
[Round "8.16"]
[White "Nevednichy, Vladislav"]
[Black "Radkov, Bazhen D."]
[Result "1-0"]
[ECO "C50"]
[WhiteElo "2495"]
[BlackElo "2133"]
[Annotator "ChessBase"]
[PlyCount "121"]
[EventDate "2019.08.05"]
[EventType "swiss"]
[EventCountry "LAT"]
[SourceTitle "playchess.com"]
[Source "ChessBase"]
[SourceQuality "1"]
[TimeControl "5400+30"]

1. e4 e5 2. Bc4 Nf6 3. d3 Nc6 4. Nf3 Bc5 5. Nc3 a6 6. Bg5 h6 7. Bxf6 Qxf6 8. Nd5 Qd8 9. c3 d6 10. d4 Ba7 11. dxe5 Nxe5 12. Nxe5 dxe5 13. Qh5 O-O 14. Qxe5 Re8 15. Qf4 b5 16. Bb3 Bb8 17. Ne3 Qe7 18. O-O-O c6 19. Qf3 a5 20. Nf5 Qf6 21. Kb1 a4 22. Bc2 Be5 23. a3 Be6 24. Nd4 Qg6 25. Nxe6 Qxe6 26. g3 c5 27. Rd5 b4 28. cxb4 cxb4 29. axb4 Qb6 30. b5 Ra5 31. Qd3 g6 32. f4 Bg7 33. Rd1 Raa8 34. Ka2 Qf6 35. e5 Qe6 36. h4 Bf8 37. f5 gxf5 38. Qxf5 Qxf5 39. Bxf5 a3 40. b3 Bg7 41. Re1 Rad8 42. Rxd8 Rxd8 43. b6 Rb8 44. e6 fxe6 45. Rxe6 Bd4 46. Rxh6 Rxb6 47. Rxb6 Bxb6 48. b4 Bf2 49. g4 Bxh4 50. Kxa3 Kf7 51. b5 Bf2 52. Kb4 Ke7 53. Ka5 Kd6 54. b6 Kc6 55. Be4+ Kd7 56. g5 Kc8 57. g6 Bd4 58. Kb5 Kb8 59. Kc6 Bg7 60. Kd7 Bd4 61. b7 1-0

[Event "9th RTU Rapid 2019"]
[Site "Riga"]
[Date "2019.08.04"]
[Round "8.17"]
[White "Laimins, Lauris"]
[Black "Bulmaga, Irina"]
[Result "1-0"]
[ECO "B21"]
[WhiteElo "2123"]
[BlackElo "2434"]
[Annotator "NA"]
[PlyCount "121"]
[EventDate "2019.08.05"]
[EventType "swiss"]
[EventCountry "LAT"]
[SourceTitle "playchess.com"]
[Source "ChessBase"]
[SourceQuality "1"]
[TimeControl "5400+30"]

1. e4 c5 2. f4 Nc6 3. Nf3 d6 4. c3 Bg4 5. h3 Bxf3 6. Qxf3 g6 7. d3 Bg7 8. a4 e6 9. Na3 Nge7 10. Be2 O-O 11. O-O f5 12. exf5 exf5 13. Qf2 Qd7 14. Bd2 b6 15. Bf3 d5 16. Nc2 Kh8 17. Kh1 Ng8 18. Rab1 Rac8 19. Rfe1 Nf6 20. b3 Rcd8 21. Rbd1 Na5 22. Rb1 c4 23. Nd4 cxd3 24. Ne6 Ne4 25. Bxe4 dxe4 26. Nxf8 Rxf8 27. c4 Nc6 28. Be3 Nd4 29. Rec1 Rd8 30. c5 bxc5 31. Rxc5 a6 32. Rc4 h6 33. b4 Nc2 34. Rxc2 dxc2 35. Qxc2 Qd3 36. Qxd3 Rxd3 37. Bc5 Bd4 38. Bxd4+ Rxd4 39. b5 axb5 40. axb5 Rd7 41. b6 Rb7 42. g4 Kg7 43. Kg2 Kf6 44. Kf2 Ke6 45. Ke3 Kd6 46. gxf5 gxf5 47. Rb5 Ke6 48. h4 Rb8 49. b7 Kd6 50. Kd4 Kc6 51. Rxf5 Rxb7 52. Rf6+ Kb5 53. Kxe4 Kc5 54. Rxh6 Re7+ 55. Kf5 Kd5 56. h5 Rf7+ 57. Rf6 Ra7 58. h6 Ra2 59. h7 Rh2 60. Kg6 Ke4 61. Kg7 1-0

[Event "9th RTU Rapid 2019"]
[Site "Riga"]
[Date "2019.08.04"]
[Round "8.18"]
[White "Kopylov, Daniel"]
[Black "Miedema, David"]
[Result "1-0"]
[ECO "C01"]
[WhiteElo "2103"]
[BlackElo "2313"]
[Annotator "NA"]
[PlyCount "77"]
[EventDate "2019.08.05"]
[EventType "swiss"]
[EventCountry "LAT"]
[SourceTitle "playchess.com"]
[Source "ChessBase"]
[SourceQuality "1"]
[TimeControl "5400+30"]

1. e4 e6 2. d4 d5 3. exd5 exd5 4. Nf3 Nf6 5. Bd3 Bd6 6. Qe2+ Qe7 7. Qxe7+ Kxe7 8. O-O h6 9. Re1+ Be6 10. c4 dxc4 11. Bxc4 Nbd7 12. Nh4 Nb6 13. Bxe6 fxe6 14. Ng6+ Kf7 15. Nxh8+ Rxh8 16. Nc3 Rd8 17. Be3 Bb4 18. Rac1 c6 19. a3 Bf8 20. h3 Nc4 21. Re2 a5 22. Rce1 b5 23. Bc1 b4 24. axb4 axb4 25. Na4 Rd6 26. Nc5 Rd5 27. Nxe6 Bd6 28. Nd8+ Kf8 29. Nxc6 b3 30. Ne5 Rxd4 31. Nxc4 Rxc4 32. Re3 Rb4 33. Re6 Bb8 34. Bxh6 Kf7 35. Re7+ Kg6 36. Bxg7 Nd5 37. R1e6+ Kh7 38. Rh6+ Kg8 39. Rh8# 1-0

[Event "9th RTU Rapid 2019"]
[Site "Riga"]
[Date "2019.08.04"]
[Round "8.19"]
[White "Golubovskis, Maksims"]
[Black "Dubrovin, Robert"]
[Result "0-1"]
[ECO "E67"]
[WhiteElo "2081"]
[BlackElo "2282"]
[Annotator "NA"]
[PlyCount "70"]
[EventDate "2019.08.05"]
[EventType "swiss"]
[EventCountry "LAT"]
[SourceTitle "playchess.com"]
[Source "ChessBase"]
[SourceQuality "1"]
[TimeControl "5400+30"]

1. Nf3 Nf6 2. c4 g6 3. g3 Bg7 4. Bg2 O-O 5. O-O d6 6. Nc3 e5 7. d4 Nbd7 8. b3 Re8 9. dxe5 dxe5 10. e4 c6 11. Qe2 a5 12. Ba3 Bf8 13. Bb2 Nc5 14. Rfd1 Qc7 15. h3 a4 16. Qc2 Qb6 17. bxa4 Nfd7 18. Bc1 Qa6 19. Qe2 Nxa4 20. Nxa4 Qxa4 21. Be3 Nc5 22. Nd2 Be6 23. Rdc1 Rad8 24. Nb3 Qa3 25. Nxc5 Bxc5 26. Bxc5 Qxc5 27. Rab1 Rd7 28. Bf1 Red8 29. Rc2 Qa5 30. Rcb2 Qa7 31. Kh2 h5 32. c5 Qxc5 33. Rxb7 Rd2 34. Qe1 Rxf2+ 35. Kh1 Rdd2 0-1